 Dungeon Crawl Stone Soup version 0.30.0-17-ge0270778cf (webtiles) character file.

Game seed: 12279694024662625988

418 gelatine the Gusty (level 6, -9/44 HPs)
             Began as a Demonspawn Air Elementalist on May 21, 2023.
             Was a Follower of Qazlal.
             Mangled by Crazy Yiuf
             ... wielding a +4 quarterstaff of chaos
              (13 damage)
             ... on level 3 of the Dungeon.
             The game lasted 00:08:08 (3413 turns).

gelatine the Gusty (Demonspawn Air Elementalist)    Turns: 3413, Time: 00:08:09

Health: -9/44      AC:  7    Str:  8    XL:     6   Next: 61%
Magic:  2/11       EV: 17    Int: 19    God:    Qazlal [*.....]
Gold:   115        SH:  5    Dex: 13    Spells: 9/12 levels left

rFire   . . .        h - +1 whip (venom)
rCold   . . .        (no shield)
rNeg    . . .        a - +1 robe
rPois   .            (helmet restricted)
rElec   .            (no cloak)
rCorr   .            (no gloves)
SInv    .            (no boots)
Will    .....        (no amulet)
Stlth   ++           k - +5 ring of evasion
HPRegen 0.27/turn    i - +4 ring of protection
MPRegen 0.12/turn

%: no passive effects
@: very slightly contaminated
A: antennae 2, large bone plates 1, powered by death 2
a: Renounce Religion


You were on level 3 of the Dungeon.
You worshipped Qazlal.
Qazlal was aware of your devotion.
You visited 1 branch of the dungeon, and saw 3 of its levels.

You collected 115 gold pieces.

Inventory:

Hand Weapons
 d - a +0 dagger
 h - a +1 whip of venom (weapon)
Armour
 a - a +1 robe (worn)
Jewellery
 e - a ring of protection from fire
 i - a +4 ring of protection (right hand)
 k - a +5 ring of evasion (left hand)
Scrolls
 c - 2 scrolls of identify
 f - 2 scrolls of fog {unknown}
 j - a scroll of vulnerability {unknown}
 m - a scroll of immolation
Potions
 b - a potion of magic
 g - a potion of degeneration {unknown}
 l - 2 potions of heal wounds
 n - a potion of lignification {unknown}


   Skills:
 * Level 1.7 Fighting
 + Level 0.8 Maces & Flails
 * Level 2.9 Dodging
 + Level 1.8 Stealth
 + Level 0.5 Shields
 * Level 3.7 Spellcasting
 * Level 3.0 Conjurations
 * Level 4.0 Air Magic


You had 9 spell levels left.
You knew the following spells:

 Your Spells              Type           Power      Damage    Failure   Level
a - Shock                 Conj/Air       68%        1d7       3%          1
b - Static Discharge      Conj/Air       34%        2-4/arc   4%          2

Your spell library contained the following spells:

 Spells                   Type           Power      Damage    Failure   Level
 Swiftness                Air            18%        N/A       9%          3
 Freeze                   Ice            12%        1d3       14%         1
 Sandblast                Erth           6%         2d5       14%         1
 Slow                     Hex            12%        N/A       14%         1
 Passwall                 Tmut/Erth      2%         N/A       22%         2
 Hailstorm                Conj/Ice       9%         3d4       22%         3
 Stone Arrow              Conj/Erth      18%        3d8       22%         3
 Airstrike                Air            9%         2d(2-18)  26%         4
 Confusing Touch          Hex            3%         N/A       38%         3
 Frozen Ramparts          Ice            6%         1d1       38%         3
 Vampiric Draining        Necr           3%         2d6       38%         3


Dungeon Overview and Level Annotations

Branches:
Dungeon (3/15)

Altars:
Gozag
Nemelex Xobeh
Qazlal

Shops:
D:2 !

Annotations:
D:3 1 runed translucent door, Crazy Yiuf; Dake's ghost, weakling DrBe


Innate Abilities, Weirdness & Mutations

You have a pair of antennae on your head.
You are partially covered in large bone plates. (SH +4)
You regenerate health from kills.


Message History

Found two hammers.
You see here a +0 hammer.
Found a hammer.
Found a runed translucent door.
Crazy Yiuf shouts!
You open the door.
The zap hits Crazy Yiuf.
Crazy Yiuf is lightly wounded.
Crazy Yiuf hits you with a +4 quarterstaff of chaos!
Crazy Yiuf freezes you.
Casting: Shock (safe; 3% risk of failure)
Confirm with . or Enter, or press ? or * to list all spells.
Crazy Yiuf is struck by an arc of lightning.
Crazy Yiuf is heavily wounded.
You are struck by an arc of lightning.
The lightning grounds out.
Crazy Yiuf screams, "Race cloud senile!"
Crazy Yiuf hits you with a +4 quarterstaff of chaos!
Casting: Static Discharge (safe; 4% risk of failure)
Confirm with . or Enter, or press ? or * to list all spells.
Crazy Yiuf is struck by an arc of lightning.
Crazy Yiuf is heavily wounded.
You are struck by an arc of lightning.
The lightning grounds out.
Crazy Yiuf screams, "Tosser turtle sallow!"
Crazy Yiuf hits you with a +4 quarterstaff of chaos.
* * * LOW HITPOINT WARNING * * *
Casting: Static Discharge (safe; 4% risk of failure)
Confirm with . or Enter, or press ? or * to list all spells.
Crazy Yiuf is struck by an arc of lightning.
Crazy Yiuf is severely wounded.
You are struck by an arc of lightning.
* * * LOW HITPOINT WARNING * * *
The lightning grounds out.
Crazy Yiuf misses you.
Casting: Static Discharge (safe; 4% risk of failure)
Confirm with . or Enter, or press ? or * to list all spells.
You miscast Static Discharge.
You are very lightly contaminated with residual magic.
Nothing appears to happen.
Crazy Yiuf hits you with a +4 quarterstaff of chaos!
* * * LOW HITPOINT WARNING * * *
You are electrocuted!
You die...

##### ....#
##### ###.#
#)..# 8##.#
#...#
###.########
... #
#........# #g#
#####......#
#@## 8#
#......# ##.#
## #####...#
#.##
##8###8#...#
##.#
†..........#
##.##
...........#
##...#
..........##
#....#
##8###8##.##
#..))# ####
###...####....#


You could see Crazy Yiuf.

Vanquished Creatures
  Grinder (D:2)
  2 orc wizards (D:3)
  6 adders
  4 gnolls
  3 worms
  A dart slug (D:1)
  11 orcs
  7 endoplasms
  3 giant cockroaches
  A goblin (D:2)
  5 hobgoblins
  2 jackals (D:1)
  A quokka (D:2)
  8 ball pythons
  3 bats
  7 kobolds
  8 rats
73 creatures vanquished.

Notes
Turn   | Place    | Note
-------+----------+-------------------------------------------
     0 | D:1      | gelatine the Demonspawn Air Elementalist began the quest
                  | for the Orb.
     0 | D:1      | Reached XP level 1. HP: 13/13 MP: 3/3
   349 | D:1      | Reached skill level 3 in Air Magic
   349 | D:1      | Gained mutation: You regenerate a little health from kills.
                  | [demonic ancestry]
   349 | D:1      | Reached XP level 2. HP: 17/19 MP: 0/5
   794 | D:1      | Gained mutation: You are partially covered in large bone
                  | plates. (SH +4) [demonic ancestry]
   794 | D:1      | Reached XP level 3. HP: 21/24 MP: 0/6
  1503 | D:2      | Gained mutation: You regenerate health from kills. [demonic
                  | ancestry]
  1503 | D:2      | Reached XP level 4. HP: 30/30 MP: 3/8
  1571 | D:2      | Found a stormy altar of Qazlal.
  1687 | D:2      | Became a worshipper of Qazlal Stormbringer
  1965 | D:2      | Found Xoinisor's Distillery.
  2041 | D:2      | Reached skill level 1 in Fighting
  2373 | D:3      | Noticed Grinder
  2491 | D:2      | Learned a level 2 spell: Static Discharge
  2554 | D:2      | Killed Grinder
  2555 | D:2      | Gained mutation: You have a pair of small antennae on your
                  | head. [demonic ancestry]
  2555 | D:2      | Reached XP level 5. HP: 28/37 MP: 2/10
  2555 | D:2      | Gained mutation: You have a pair of antennae on your head.
                  | [demonic ancestry]
  2555 | D:2      | Reached XP level 6. HP: 32/43 MP: 2/11
  2854 | D:3      | Found a runed translucent door.
  2855 | D:3      | Noticed Dake's ghost (weakling DrBe)
  3012 | D:3      | Found a sparkling altar of Nemelex Xobeh.
  3012 | D:3      | Found an opulent altar of Gozag.
  3225 | D:3      | Reached skill level 4 in Air Magic
  3292 | D:3      | Reached * piety under Qazlal
  3404 | D:3      | Found a runed translucent door.
  3405 | D:3      | Noticed Crazy Yiuf
  3413 | D:3      | Mangled by Crazy Yiuf

Illustrated notes

Levels and vault maps discovered:
D:1:      spicycebolla_arrival_transporter_tutorial, layout_rooms,
          due_unseen_surprise
D:2:      layout_loops_ring, serial_shops, nicolae_shop_back_alley_shop,
          basic_altar
D:3:      layout_rooms, grunt_temple_overflow_opulence, gammafunk_ghost_grave,
          corexii_hall_statues_x, uniq_crazy_yiuf_cottage, uniq_grinder

Skill      XL: |  1  2  3  4  5  6 |
---------------+-------------------+-----
Air Magic      | 3 4 |  4.0
Dodging        | 2 |  2.9
Fighting       | 1 |  1.7
Spellcasting   | 3 |  3.7
Conjurations   | 2 3 |  3.0
Maces & Flails | |  0.8
Stealth        | |  1.8
Shields        | |  0.5

Action                     |  1- 3 |  4- 6 || total
---------------------------+-------+-------++-------
  Melee: Dagger            |    17 |       ||    17
         Whip              |    18 |    65 ||    83
         Punch             |       |     1 ||     1
   Cast: Shock             |    82 |    95 ||   177
         Static Discharge  |       |     8 ||     8
    Use: Scroll            |       |     5 ||     5
         Potion            |       |     2 ||     2
   Stab: Sleeping          |       |     1 ||     1
 Armour: Robe              |     2 |    13 ||    15
  Dodge: Dodged            |    38 |    67 ||   105
  Block: Other             |     2 |    16 ||    18
